Map: Dusk Towers

Players

LHK - Winner!

  • Race: Zerg Zerg

A.I. 1 (Elite)

  • Race: Protoss Protoss

VOD

Have the link to the VOD?

Description

Time

  • Played on: April 23, 2016, 1:45 p.m.
  • Length: 12:20
Show
View Real Time Build Order
Export as new Build Order

LHK Zerg - Winner!

Build Orders: Hatch First 

Get SALT Encoding   

  12  0:01  Drone  
  13  0:12  Overlord  
  13  0:17  Drone  
  14  0:31  Drone x2  
  14  0:35  Drone  
  17  0:51  Hatchery  
  17  0:55  Drone  
  17  1:09  Spawning Pool  
  16  1:13  Drone  
  16  1:14  Extractor  
  16  1:18  Drone  
  17  1:20  Drone  
  18  1:28  Drone  
  19  1:40  Overlord  
  19  1:56  Queen  
  19  1:58  Zergling x2  
  19  2:00  Zergling x2  
  23  2:05  Drone  
  24  2:09  Queen  
  24  2:12  Drone  
  24  2:14  Metabolic Boost  
  27  2:21  Drone  
  28  2:26  Evolution Chamber  
  28  2:29  Drone x2  
  29  2:39  Overlord  
  29  2:42  Drone  
  30  2:49  Queen  
  32  2:52  Zerg Melee Weapons Level 1  
  32  2:53  Drone  
  32  2:55  Drone  
  34  3:00  Drone x2  
  34  3:05  Drone x2  
  37  3:08  Drone  
  37  3:11  Drone  
  40  3:16  Overlord  
  40  3:21  Drone x2  
  40  3:25  Drone  
  43  3:29  Drone  
  44  3:39  Hatchery  
  43  3:42  Drone x2  
  43  3:47  Overlord  
  45  3:50  Drone x3  
  45  3:55  Lair  
  48  4:02  Drone x2  
  50  4:03  Drone x2  
  50  4:05  Overlord  
  50  4:09  Extractor  
  51  4:11  Extractor  
  51  4:13  Drone x3  
  51  4:14  Drone  
  54  4:24  Drone x5  
  59  4:32  Overlord  
  59  4:36  Zergling x2  
  59  4:37  Evolution Chamber  
  59  4:39  Evolution Chamber  
  59  4:43  Zergling x8  
  62  4:54  Zerg Melee Weapons Level 2  
  62  4:56  Zergling x2  
  62  4:57  Zergling x8  
  68  5:02  Zergling x6  
  68  5:03  Zerg Ground Armor Level 1  
  71  5:11  Drone x4, Infestation Pit  
  71  5:12  Drone  
  75  5:16  Overlord  
  75  5:22  Drone x2  
  75  5:27  Drone  
  75  5:28  Drone x3  
  81  5:30  Drone  
  81  5:35  Drone x4  
  86  5:39  Drone  
  86  5:41  Hatchery  
  86  5:42  Overlord  
  86  5:48  Hive  
  86  5:49  Pathogen Glands  
  86  5:53  Extractor  
  86  5:54  Extractor  
  79  6:03  Zergling x26  
  82  6:18  Infestor x2  
  82  6:20  Zergling x4  
  82  6:21  Zergling x4  
  90  6:27  Extractor  
  90  6:30  Zergling x2  
  90  6:31  Zergling x16  
  98  6:39  Overlord x2  
  98  6:53  Zergling x2  
  98  6:54  Zergling x10  
  104  6:55  Baneling Nest, Overlord  
  104  6:57  Queen  
  105  7:03  Zergling x6  
  105  7:04  Zergling x8  
  105  7:06  Zerg Ground Armor Level 2  
  112  7:10  Ultralisk Cavern  
  112  7:11  Zerg Melee Weapons Level 3  
  111  7:17  Adrenal Glands  
  111  7:18  Zergling x6  
  111  7:19  Zergling x8  
  118  7:24  Drone  
  119  7:31  Zergling x8  
  119  7:32  Zergling x10  
  119  7:34  Overlord  
  128  7:40  Centrifical Hooks  
  128  7:44  Overlord x2  
  128  7:49  Overlord  
  127  8:05  Zergling x10  
  104  8:06  Zergling x18  
  104  8:09  Chitinous Plating  
  99  8:19  Drone x6  
  102  8:26  Ultralisk  
  114  8:27  Ultralisk  
  114  8:37  Drone x2, Extractor  
  114  8:38  Drone x6, Extractor  
  120  8:44  Baneling x3  
  120  8:45  Baneling x9  
  120  8:46  Zergling x2  
  120  8:47  Zergling x2  
  120  8:48  Zergling x2  
  123  8:55  Zergling x12  
  125  8:56  Zergling x2  
  130  9:04  Zergling x12  
  142  9:10  Ultralisk  
  142  9:16  Zergling x2  
  147  9:17  Zergling x12  
  149  9:25  Zergling x16  
  157  9:32  Zerg Ground Armor Level 3  
  157  9:37  Overlord  
  157  9:38  Overlord  
  157  9:43  Overlord  
  157  9:54  Spire  
  153  10:00  Hatchery  
  131  10:08  Zergling x2  
  131  10:09  Zergling x14  
  131  10:10  Zergling x22  
  118  10:24  Infestor  
  118  10:25  Infestor x6  
  132  10:38  Zergling x20  
  142  10:47  Zergling x6  
  145  10:55  Zergling x6  
  145  10:56  Zergling x22  
  156  11:08  Corruptor x3, Greater Spire  
  161  11:22  Drone x2  
  163  11:34  Ultralisk x3  
  163  11:39  Overlord x2  
  181  11:57  Zergling x34  
Show
View Real Time Build Order
Export as new Build Order

A.I. 1 (Elite) Protoss 

Build Orders: 1 Gate Expand, Zealot Archon, Colossus Rush 

Get SALT Encoding   

  12  0:01  Probe (Chrono Boost)  
  13  0:11  Probe (Chrono Boost)  
  14  0:20  Pylon  
  14  0:22  Probe (Chrono Boost)  
  15  0:38  Probe (Chrono Boost)  
  16  0:47  Assimilator  
  16  0:49  Probe (Chrono Boost)  
  17  0:50  Gateway  
  17  1:00  Pylon, Probe (Chrono Boost)  
  18  1:10  Probe (Chrono Boost)  
  19  1:21  Probe (Chrono Boost)  
  20  1:31  Probe (Chrono Boost)  
  21  1:39  Nexus  
  21  1:42  Probe (Chrono Boost)  
  21  1:44  Zealot  
  24  1:54  Probe (Chrono Boost)  
  25  2:00  Cybernetics Core  
  25  2:05  Probe (Chrono Boost)  
  27  2:15  Probe (Chrono Boost)  
  27  2:26  Probe (Chrono Boost)  
  27  2:29  Pylon  
  28  2:32  Warp Gate  
  29  2:37  Stalker, Probe (Chrono Boost)  
  29  2:40  Gateway  
  29  2:44  Assimilator  
  31  2:48  Probe (Chrono Boost)  
  32  3:00  Pylon  
  32  3:02  Probe (Chrono Boost)  
  32  3:05  Adept, Probe (Chrono Boost)  
  37  3:13  Probe (Chrono Boost)  
  37  3:16  Probe (Chrono Boost)  
  38  3:25  Adept  
  38  3:26  Robotics Facility  
  38  3:30  Adept  
  38  3:31  Probe (Chrono Boost)  
  38  3:34  Probe (Chrono Boost)  
  44  3:43  Probe (Chrono Boost)  
  44  3:45  Probe (Chrono Boost)  
  45  3:51  Adept  
  45  3:54  Probe (Chrono Boost)  
  48  3:56  Adept  
  48  3:57  Probe (Chrono Boost)  
  51  4:05  Probe (Chrono Boost)  
  51  4:08  Probe (Chrono Boost)  
  53  4:16  Adept, Robotics Bay  
  53  4:17  Probe (Chrono Boost)  
  54  4:18  Pylon  
  54  4:20  Observer  
  54  4:21  Probe (Chrono Boost)  
  58  4:28  Probe (Chrono Boost)  
  59  4:32  Probe (Chrono Boost), Robotics Facility  
  59  4:37  Pylon  
  60  4:39  Stalker  
  62  4:47  Probe (Chrono Boost)  
  62  4:49  Pylon, Probe (Chrono Boost)  
  62  4:51  Stalker  
  66  5:09  Gateway  
  66  5:15  Pylon  
  66  5:17  Zealot  
  66  5:20  Zealot  
  70  5:22  Colossus  
  76  5:33  Pylon  
  76  5:35  Zealot  
  76  5:39  Zealot  
  80  5:47  Assimilator, Probe (Chrono Boost)  
  81  5:50  Twilight Council  
  81  5:52  Assimilator  
  81  5:53  Zealot  
  83  5:57  Zealot  
  83  6:00  Pylon  
  83  6:03  Zealot  
  81  6:04  Nexus  
  81  6:10  Probe (Chrono Boost)  
  81  6:11  Probe (Chrono Boost)  
  83  6:12  Stalker  
  83  6:16  Zealot  
  87  6:21  Probe (Chrono Boost)  
  87  6:22  Probe (Chrono Boost)  
  89  6:31  Templar Archives  
  89  6:32  Probe (Chrono Boost)  
  89  6:33  Probe (Chrono Boost)  
  89  6:36  Forge  
  90  6:42  Forge  
  90  6:45  Gateway  
  90  7:02  Sentry  
  90  7:07  Stalker  
  94  7:08  High Templar, Pylon  
  96  7:18  Probe x3 (Chrono Boost)  
  99  7:23  High Templar  
  99  7:27  Assimilator  
  99  7:28  Stalker  
  99  7:29  Archon  
  106  7:30  Probe x3 (Chrono Boost)  
  106  7:31  Pylon, Nexus  
  106  7:33  Assimilator  
  106  7:38  High Templar  
  106  7:39  Zealot  
  106  7:42  Probe x2 (Chrono Boost)  
  106  7:43  Probe (Chrono Boost)  
  113  7:49  Sentry  
  115  7:52  Zealot  
  115  7:53  Probe (Chrono Boost)  
  115  7:54  Pylon, Probe x2 (Chrono Boost)  
  115  7:58  Stalker  
  122  8:05  Probe x2 (Chrono Boost)  
  102  8:08  Zealot  
  102  8:11  Zealot, Stalker  
  92  8:17  Probe x2 (Chrono Boost)  
  88  8:20  High Templar  
  88  8:26  Zealot, Nexus  
  92  8:28  Archon  
  92  8:30  Zealot  
  92  8:32  High Templar  
  96  8:39  Probe (Chrono Boost)  
  98  8:41  Probe (Chrono Boost)  
  98  8:46  Zealot  
  100  8:49  Stalker  
  100  8:50  High Templar, Probe (Chrono Boost)  
  100  8:53  Probe (Chrono Boost)  
  106  8:57  Archon  
  106  9:02  Probe (Chrono Boost)  
  107  9:03  High Templar  
  107  9:05  Probe (Chrono Boost)  
  107  9:06  Stalker  
  112  9:14  Probe (Chrono Boost)  
  112  9:16  Probe (Chrono Boost)  
  114  9:20  High Templar  
  116  9:24  Stalker  
  116  9:26  Archon, Probe (Chrono Boost)  
  116  9:27  Probe (Chrono Boost)  
  116  9:30  Pylon  
  120  9:37  Probe (Chrono Boost)  
  120  9:38  High Templar, Probe (Chrono Boost)  
  124  9:39  Probe (Chrono Boost)  
  125  9:48  Probe (Chrono Boost)  
  125  9:50  Probe (Chrono Boost)  
  125  9:51  Zealot  
  125  9:52  Zealot x2  
  130  10:01  Probe (Chrono Boost)  
  94  10:07  Zealot  
  94  10:10  Sentry, Zealot, Stalker, Photon Cannon  
  90  10:17  Probe (Chrono Boost)  
  76  10:26  High Templar  
  76  10:27  Probe x2 (Chrono Boost)  
  76  10:28  Stalker, Probe (Chrono Boost)  
  62  10:31  Adept  
  62  10:32  Zealot  
  67  10:38  Probe (Chrono Boost)  
  67  10:39  Probe (Chrono Boost)  
  63  10:50  Sentry, Zealot, High Templar, Probe x2 (Chrono Boost)  
  63  10:56  Adept  
  41  11:09  Stalker  
  33  11:12  High Templar  
  33  11:15  Zealot  
  15  11:47  Zealot  
  15  11:48  Probe (Chrono Boost)  
Tags
 
Add a new tag
Caveats
  • Supply blocks, unpowered buildings, or Contaminate may cause inaccurate times.
  • Supply counts are checked every 10 seconds.